 Dungeon Crawl Stone Soup version 0.20.1-1-g8b1a95d (webtiles) character file.

631 vatarom the Frost Mage (level 7, 0/46 HPs)
             Began as a Merfolk Ice Elementalist on Sept 6, 2017.
             Slain by a worker ant (5 damage)
             ... on level 4 of the Dungeon.
             The game lasted 00:17:18 (5646 turns).

vatarom the Frost Mage (Merfolk Ice Elementalist)   Turns: 5646, Time: 00:17:19

Health: 0/46       AC:  4    Str:  8    XL:     7   Next: 48%
Magic:  2/10       EV: 13    Int: 16    God:
Gold:   137        SH:  3    Dex: 15    Spells: 0/10 levels left

rFire    . . .     SeeInvis .   m - +1 spear (flame)
rCold    . . .     Gourm    .   (no shield)
rNeg     . . .     Faith    .   a - +1 robe
rPois    .         Spirit   .   (no helmet)
rElec    .         Reflect  +   (no cloak)
rCorr    .         Harm     .   n - +0 pair of gloves
MR       +....     Clarity  +   (no boots) Stlth ++........Rnd*Tele +
                                e - +3 amulet of reflection
Regen    0.2/turn               h - ring of teleportation (curse)
MPRegen  0.2/turn               (no ring)

@: lethally poisoned (0 -> -6)
A: change form in water, swift swim, stealthy swim, clarity, magic resistance 1,
MP-powered wands
a: no special abilities


You were on level 4 of the Dungeon.
You were not hungry.

You visited 1 branch of the dungeon, and saw 4 of its levels.

You collected 137 gold pieces.

Inventory:

Hand Weapons
 m - a +1 spear of flaming (weapon)
Armour
 a - a +1 robe (worn)
 n - a +0 pair of gloves (worn)
Jewellery
 e - a +3 amulet of reflection (around neck)
 h - a cursed ring of teleportation (left hand)
Wands
 i - a wand of flame (10/48)
Scrolls
 d - a scroll of recharging
 j - 2 scrolls of fear
 k - 2 scrolls of identify
Books
 b - a book of Frost

   Spells                             Type                      Level
   a - Freeze                         Ice                          1
   b - Throw Frost                    Conjuration/Ice              2
   c - Ozocubu's Armour               Charms/Ice                   3
   d - Throw Icicle                   Conjuration/Ice              4
   e - Summon Ice Beast               Ice/Summoning                4
Comestibles
 c - a bread ration
 f - a royal jelly
 g - a meat ration
 l - 10 chunks of flesh


   Skills:
 - Level 2.6 Dodging
 - Level 2.1 Stealth
 - Level 2.0 Spellcasting
 - Level 1.4 Conjurations
 * Level 9.1 Ice Magic


You couldn't memorise any spells.
You knew the following spells:

 Your Spells              Type           Power        Failure   Level  Hunger
a - Freeze                Ice            ####         1%          1    #......
b - Throw Frost           Conj/Ice       ###...       3%          2    ###....
c - Ozocubu's Armour      Chrm/Ice       ###.....     10%         3    ###....
d - Throw Icicle          Conj/Ice       ###.....     24%         4    #####..


Dungeon Overview and Level Annotations

Branches:
Dungeon (4/15)
 Temple: D:4-7

Altars:
Qazlal
Uskayaw
Zin


Innate Abilities, Weirdness & Mutations

You revert to your normal form in water.
You are very nimble and swift while swimming.
You are very stealthy in the water. (Stealth+)
You possess an exceptional clarity of mind.
You are resistant to hostile enchantments. (MR+)
You expend magic power (3 MP) to strengthen your wands.


Message History

The worker ant poisons you!
Casting: Freeze
Confirm with . or Enter, or press ? or * to list all spells.
Aiming: Freeze
Press: ? - help, Shift-Dir - straight line, f/p - worker ant
Aim: a worker ant You freeze the worker ant.
The worker ant is heavily wounded.
You feel sick. The worker ant bites you.
* * * LOW HITPOINT WARNING * * *
Casting: Freeze
Confirm with . or Enter, or press ? or * to list all spells.
Aiming: Freeze
Press: ? - help, Shift-Dir - straight line, f/p - worker ant
Aim: a worker ant (moderately wounded)
You freeze the worker ant.
The worker ant is heavily wounded.
* * * LOW HITPOINT WARNING * * *
You feel sick. The worker ant bites you.
You die...

#########
#.@.....#
#a#####.#
#.# #.#
... .#.#.
.......
.# #.# ##
#. #..


You could see a worker ant.

Vanquished Creatures
  The ghost of kalagan the Caller, an amateur MfSu (D:3)
  A sky beast (D:3)
  An orc wizard (D:4)
  3 orc priests (D:4)
  Natasha (thrice) (D:3)
  6 gnolls
  7 adders
  An ooze (D:3)
  3 worms
  3 dart slugs (D:1)
  3 leopard geckos (D:1)
  10 orcs
  A giant cockroach (D:2)
  12 goblins
  11 hobgoblins
  2 jackals (D:3)
  9 kobolds
  3 quokkas (D:2)
  7 bats
  3 frilled lizards
  7 rats
97 creatures vanquished.

Notes
Turn   | Place    | Note
-------+----------+-------------------------------------------
     0 | D:1      | vatarom the Merfolk Ice Elementalist began the quest for the Orb.
     0 | D:1      | Reached XP level 1. HP: 13/13 MP: 3/3
   123 | D:1      | Reached XP level 2. HP: 7/19 MP: 0/5
   129 | D:1      | Learned a level 2 spell: Throw Frost
   157 | D:1      | Reached skill level 4 in Ice Magic
   858 | D:1      | Reached XP level 3. HP: 11/24 MP: 3/6
  1364 | D:1      | Learned a level 3 spell: Ozocubu's Armour
  1540 | D:2      | Found a hide-covered altar of Uskayaw.
  1542 | D:2      | Found a glowing silver altar of Zin.
  1591 | D:2      | Reached skill level 5 in Ice Magic
  1707 | D:2      | Reached XP level 4. HP: 30/30 MP: 2/7
  1768 | D:2      | Reached skill level 1 in Conjurations
  2544 | D:3      | Found a stormy altar of Qazlal.
  2649 | D:3      | Reached XP level 5. HP: 35/35 MP: 3/8
  2677 | D:3      | Noticed kalagan's ghost (amateur MfSu)
  3025 | D:3      | Reached skill level 6 in Ice Magic
  3495 | D:3      | Noticed Natasha
  3502 | D:3      | Killed Natasha
  3543 | D:3      | Noticed Natasha
  3549 | D:3      | Killed Natasha
  4214 | D:3      | Reached XP level 6. HP: 39/41 MP: 5/9
  4331 | D:3      | Reached skill level 7 in Ice Magic
  4332 | D:3      | Noticed Natasha
  4679 | D:3      | Killed Natasha
  4736 | D:3      | Killed kalagan's ghost
  5001 | D:3      | Noticed a sky beast
  5045 | D:3      | Killed a sky beast
  5045 | D:3      | Reached skill level 8 in Ice Magic
  5045 | D:3      | Reached XP level 7. HP: 13/46 MP: 4/10
  5122 | D:3      | Learned a level 4 spell: Throw Icicle
  5494 | D:4      | Gained mutation: You are resistant to hostile enchantments. (MR+) [potion of mutation]
  5494 | D:4      | Gained mutation: You expend magic power (3 MP) to strengthen your wands. [potion of mutation]
  5494 | D:4      | Gained mutation: You possess an exceptional clarity of mind. [potion of mutation]
  5599 | D:4      | Reached skill level 9 in Ice Magic
  5646 | D:4      | Slain by a worker ant

Skill      XL: |  1  2  3  4  5  6  7 |
---------------+----------------------+-----
Ice Magic      | 4 5 6 8 9 |  9.1
Conjurations   | 1 |  1.4
Dodging        | |  2.6
Stealth        | |  2.1
Spellcasting   | |  2.0

Action                   |  1- 3 |  4- 6 |  7- 9 || total
-------------------------+-------+-------+-------++-------
Melee: Unarmed           |    33 |     5 |       ||    38
       Falchion          |       |    25 |       ||    25
       Tailslap          |       |     2 |       ||     2
       Spear             |       |    38 |    33 ||    71
 Cast: Freeze            |    49 |   106 |    21 ||   176
       Throw Frost       |     2 |    16 |     1 ||    19
       Ozocubu's Armour  |     1 |     1 |       ||     2
       Throw Icicle      |       |       |     1 ||     1
  Use: Scroll            |     4 |     2 |       ||     6
       Potion            |       |     8 |     1 ||     9
 Stab: Sleeping          |     2 |     3 |       ||     5
  Eat: Chunk             |     4 |     7 |       ||    11
       Bread ration      |       |     1 |     1 ||     2
       Royal jelly       |       |     1 |       ||     1
Armor: Robe              |     8 |    29 |     2 ||    39
Dodge: Dodged            |    46 |   128 |    19 ||   193
Block: Other             |       |    25 |     5 ||    30
       Rpst.: Falchion   |       |    23 |       ||    23
